 Dungeon Crawl Stone Soup version 0.27-a0-1232-gc6a4cbde82 (webtiles) character file.

Game seed: 5410241121191068640

186 mordus the Cudgeller (level 5, -2/53 HPs)
             Began as a Troll Monk on June 8, 2021.
             Slain by an orc wizard
             ... wielding a +2 dagger of venom
              (3 damage)
             ... on level 6 of the Dungeon.
             The game lasted 00:02:15 (2395 turns).

mordus the Cudgeller (Troll Monk)                   Turns: 2395, Time: 00:02:16

Health: -2/53      AC:  4    Str: 19    XL:     5   Next: 38%
Magic:  4/4        EV: 10    Int:  6    God:
Gold:   74         SH:  0    Dex: 13    Spells: 4/4 levels left

rFire    . . .     SeeInvis .   a - +0 mace
rCold    . . .     Faith    .   (no shield)
rNeg     . . .     Spirit   .   b - +0 robe
rPois    .         Reflect  .   (helmet restricted)
rElec    .         Harm     .   (no cloak)
rCorr    .         Rampage  .   (gloves unavailable)
Will     .....                  (boots unavailable)
Stlth    ++........             (no amulet)
HPRegen  1.17/turn              (no ring)
MPRegen  0.09/turn              (no ring)

@: no status effects
A: large, unfitting armour, claws 3, regeneration 1, shaggy fur 1, tough skin 1
a: no special abilities


You were on level 6 of the Dungeon.
You visited 1 branch of the dungeon, and saw 4 of its levels.

You collected 74 gold pieces.

Inventory:

Hand Weapons
 a - a +0 mace (weapon)
Armour
 b - a +0 robe (worn)
Wands
 j - a wand of flame (8)
Scrolls
 e - 6 scrolls of identify {unknown}
 g - a scroll of enchant weapon {unknown}
 h - a scroll of noise {unknown}
 i - a scroll of teleportation {unknown}
Potions
 c - a potion of flight {unknown}
 d - 4 potions of curing {unknown}
 f - a potion of cancellation {unknown}


   Skills:
 * Level 3.4 Fighting
 * Level 3.9 Maces & Flails
 + Level 1.5 Armour
 + Level 3.0 Dodging
 - Level 1.0 Stealth


You had 4 spell levels left.
You didn't know any spells.
Your spell library contained the following spells:

 Spells                   Type           Power      Damage    Failure   Level
 Passwall                 Tmut/Erth      0%         N/A       58%         2
 Swiftness                Air            0%         N/A       83%         3
 Passage of Golubria      Tloc           N/A        N/A       99%         4
 Lee's Rapid Deconstruct  Erth           0%         3d5*      100%        5
 Invisibility             Hex            0%         N/A       100%        6


Dungeon Overview and Level Annotations

Branches:
Dungeon (3/15)

Altars:

Shops:
D:1 [


Innate Abilities, Weirdness & Mutations

You are too large for most types of armour.
You have claws for hands.
Your natural rate of healing is unusually fast.
You are covered in fur. (AC +1)
You have tough skin. (AC +1)


Message History

You hit the ogre.
The ogre is lightly wounded.
The ogre closely misses you.
You hit the ogre.
The ogre is moderately wounded.
The ogre barely misses you.
You thump the ogre!
The ogre is heavily wounded.
The ogre hits you with a +0 giant club!!
You hit the ogre.
The ogre is heavily wounded.
The ogre barely misses you.
You barely miss the ogre.
The ogre is heavily wounded.
An orc wizard comes into view. It is wielding a +2 dagger of venom.
A white imp comes into view.
The ogre hits you with a +0 giant club.
The white imp shouts, "Take thy face hence, thou bootless dizzy-eyed boar-pig!"
You hit the ogre.
The ogre is heavily wounded.
You hear a shout!
A gnoll comes into view. It is wielding a +0 whip.
The ogre hits you with a +0 giant club!
You hit the ogre.
The ogre is severely wounded.
The ogre hits you with a +0 giant club!!
* * * LOW HITPOINT WARNING * * *
You barely miss the ogre.
The ogre is severely wounded.
An orc comes into view. It is wielding a +0 club.
The gnoll misses you.
You sock the ogre!
The ogre is almost dead.
The ogre closely misses you. The white imp misses you.
The gnoll closely misses you. The white imp gestures at you.
The puff of frost hits you.
* * * LOW HITPOINT WARNING * * *
The orc wizard hits you with a +2 dagger of venom.
You die...

##.......####
#...........
#..........#
#..........####
#..............
#......†.......
#........
.#########.#.#####
...o...@.g........
......o#O5.##.#...
...####.#.### # ..
..........# .
...####.###
..........#
...####.#.# #.#.#
#.#.#


You could see an ogre, an orc wizard, a gnoll, a white imp and an orc.

Vanquished Creatures
  A howler monkey (D:6)
  Ijyb (D:3)
  4 adders
  A worm (D:2)
  A dart slug (D:2)
  3 orcs (D:3)
  2 endoplasms
  2 giant cockroaches (D:1)
  9 goblins
  6 hobgoblins
  8 jackals (D:3)
  5 quokkas
  3 ball pythons
  13 bats
  A frilled lizard (D:2)
  9 kobolds
  8 rats
77 creatures vanquished.

Notes
Turn   | Place    | Note
-------+----------+-------------------------------------------
     0 | D:1      | mordus the Troll Monk began the quest for the Orb.
     0 | D:1      | Reached XP level 1. HP: 22/22 MP: 0/0
    88 | D:1      | Reached XP level 2. HP: 29/29 MP: 1/1
   387 | D:1      | Found Xecaogg's Armour Emporium.
   482 | D:1      | Found a faded altar of an unknown god.
   609 | D:2      | Reached XP level 3. HP: 33/36 MP: 2/2
  1038 | D:2      | Reached skill level 1 in Armour
  1282 | D:2      | Reached XP level 4. HP: 38/45 MP: 3/3
  1844 | D:3      | Noticed Ijyb
  1896 | D:3      | Killed Ijyb
  2224 | D:3      | Reached XP level 5. HP: 44/53 MP: 4/4
  2363 | D:3      | You fall into a shaft and drop 3 floors!
  2381 | D:6      | Noticed an ogre
  2392 | D:6      | HP: 2/53 [ogre/+0 giant club (24)]
  2395 | D:6      | Slain by an orc wizard

Illustrated notes

Levels and vault maps discovered:
D:1:      roderic_chinese_lattice_arrival, layout_loops_ring,
          basic_ecumenical_altar, serial_shops, shop
D:2:      layout_basic, serial_co_window_serial, co_window_paths_a,
          co_window_cross_1, co_window_paths_b, co_window_paths_a,
          co_window_corner_a, co_window_broadway_c, co_window_2corner,
          co_window_corner_b, co_window_4corner_b, co_window_4corner_a,
          glass_columns_a, glass_columns_a, glass_columns_a, glass_columns_a,
          glass_columns_a, minmay_misc_feat_columns
D:3:      layout_basic, uniq_ijyb
D:6:      gammafunk_steamed_eel, layout_basic, okawaru_gym_becter,
          nicolae_zen_rock_garden

Skill      XL: |  1  2  3  4  5 |
---------------+----------------+-----
Maces & Flails | 3 |  3.9
Fighting       | 3 |  3.4
Armour         | 1 |  1.5
Dodging        | 3 |  3.0
Stealth        | |  1.0

Action                   |  1- 3 |  4- 6 || total
-------------------------+-------+-------++-------
Melee: Mace              |   122 |   167 ||   289
 Stab: Sleeping          |     3 |       ||     3
Armor: Robe              |    29 |    50 ||    79
Dodge: Dodged            |    80 |   122 ||   202

Table legend: (Time is in decaauts)
 A = Elapsed time spent in this place.
 B = Non-inter-level travel time spent in this place.
 C = Inter-level travel time spent in this place.
 D = Time resting spent in this place.
 E = Time spent auto-exploring this place.
 F = Levels seen in this place.
 G = Mean time per level.
                   A        B        C        D        E       F      G
               +--------+--------+--------+--------+--------+-----+--------+
         Total |   2461 |   2361 |    100 |      0 |   1782 |   4 |  615.2 |
       Dungeon |   2461 |   2361 |    100 |      0 |   1782 |   4 |  615.2 |
               +--------+--------+--------+--------+--------+-----+--------+

Top non-repeatable levels by time:
     D:2: 1099 daAuts
     D:3: 716 daAuts
     D:1: 610 daAuts
     D:6: 35 daAuts
